 Dungeon Crawl Stone Soup version 0.28.0-43-g3370ac3207 (webtiles) character file.

Game seed: 1127906459898131346

408 Kaptain the Digger (level 6, -1/54 HPs)
             Began as a Gargoyle Earth Elementalist on Mar 19, 2022.
             Slain by a mummy (7 damage)
             ... in an ossuary.
             The game lasted 00:09:17 (4245 turns).

Kaptain the Digger (Gargoyle Earth Elementalist)    Turns: 4245, Time: 00:09:17

Health: -1/54      AC: 23    Str: 11    XL:     6   Next: 88%
Magic:  1/10       EV:  2    Int: 18    God:
Gold:   135        SH:  0    Dex: 10    Spells: 7/11 levels left

rFire   + . .      SeeInvis .   j - +0 quarterstaff
rCold   + . .      Faith    .   (shield currently unavailable)
rNeg    + . .      Spirit   .   (armour currently unavailable)
rPois   ∞          Reflect  .   (helmet currently unavailable)
rElec   +          Harm     .   (cloak currently unavailable)
rCorr   +          Rampage  .   (gloves currently unavailable)
Will    +....      NoTele   +   (boots currently unavailable)
Stlth   ++........              (no amulet)
HPRegen 0.18/turn               (no ring)
MPRegen 0.12/turn               (no ring)

@: tree-form, resistant
A: stationary, stasis, torment immunity, boosted hp, sickness immunity, AC +4,
negative energy resistance 1, (electricity resistance), torment resistance 1,
petrification resistance, strong-willed 1
a: no special abilities


You were in an ossuary.
You were a tree.
You visited 1 branch of the dungeon, and saw 4 of its levels.
You also visited: Ossuary.

You collected 135 gold pieces.

Inventory:

Hand Weapons
 a - a +0 war axe
 b - a +0 flail
 d - a +0 trident
 h - a +0 hunting sling
 i - a +0 short sword
 j - a +0 quarterstaff (weapon)
 l - a +0 rapier
Missiles
 c - 4 stones
 m - 4 poisoned darts
 o - 2 throwing nets
Armour
 f - a +0 leather armour (melded)
 n - a +0 helmet (melded)
 r - a +0 cloak (melded)
Wands
 q - a wand of iceblast (4)
Scrolls
 k - a scroll of teleportation
 s - a scroll of identify {unknown}


   Skills:
 * Level 2.7 Fighting
 + Level 2.1 Armour
 + Level 2.3 Dodging
 + Level 3.1 Stealth
 * Level 3.2 Spellcasting
 * Level 2.8 Conjurations
 - Level 0.7 Transmutations
 * Level 5.1 Earth Magic


You had 7 spell levels left.
You knew the following spells:

 Your Spells              Type           Power      Damage    Failure   Level
a - Sandblast             Erth           42%        2d11      1%          1
b - Stone Arrow           Conj/Erth      34%        3d9       10%         3

Your spell library contained the following spells:

 Spells                   Type           Power      Damage    Failure   Level
 Passwall                 Tmut/Erth      10%        N/A       8%          2
 Summon Small Mammal      Summ           8%         N/A       16%         1
 Ensorcelled Hibernation  Hex/Ice        4%         N/A       24%         2
 Dazzling Flash           Conj/Hex       14%        N/A       26%         3
 Call Canine Familiar     Summ           2%         N/A       43%         3
 Summon Guardian Golem    Hex/Summ       2%         N/A       43%         3
 Swiftness                Air            2%         N/A       43%         3
 Petrify                  Tmut/Erth      13%        N/A       43%         4
 Iskenderun's Mystic Bla  Conj/Tloc      7%         2d4       65%         4
 Starburst                Conj/Fire      3%         6d3       100%        6


Dungeon Overview and Level Annotations

Branches:
Dungeon (4/15)             Temple (0/1) D:4         Ossuary (1/1)

Altars:
Ashenzari
Ru


Innate Abilities, Weirdness & Mutations

You are a tree.
Your roots penetrate the ground, keeping you stationary.
You cannot be teleported.
You are immune to unholy pain and torment.
Your maximum health is greatly increased.
Your equipment is partially melded.
You are immune to sickness and miasma.
((Your stone body is resilient. (AC +4)))
You are immune to poison.
You resist negative energy. (rN+)
((You are resistant to electric shocks. (rElec)))
You are resistant to unholy torment.
You are immune to petrification.
You are strong-willed. (Will+)


Message History

Unknown command.
You closely miss the elf zombie.
The elf zombie is almost destroyed.
The mummy hits you but does no damage. The elf zombie hits you.
* * * LOW HITPOINT WARNING * * *
The hobgoblin zombie hits you but does no damage.
Unknown command.
You closely miss the elf zombie.
The elf zombie is almost destroyed.
The elf zombie barely misses you. The mummy hits you but does no damage.
The hobgoblin zombie hits you but does no damage.
Unknown command.
Okay, then.
You hit the elf zombie.
The elf zombie is almost destroyed.
The elf zombie hits you but does no damage.
The hobgoblin zombie hits you but does no damage.
The mummy hits you but does no damage.
Unknown command.
You barely miss the elf zombie.
The elf zombie is almost destroyed.
The elf zombie hits you but does no damage.
The hobgoblin zombie completely misses you.
Unknown command.
You hit the elf zombie.
The elf zombie is almost destroyed.
The elf zombie hits you.
* * * LOW HITPOINT WARNING * * *
The mummy hits you.
* * * LOW HITPOINT WARNING * * *
The hobgoblin zombie barely misses you.
Casting: Sandblast (safe; 1% risk of failure)
Confirm with . or Enter, or press ? or * to list all spells.
Aiming: Sandblast (safe; 1% risk of failure)
Press: ? - help, Shift-Dir - straight line, f/p - elf zombie
Aim: an elf zombie (almost destroyed, 81% to hit)
The blast of sand hits the elf zombie!
You destroy the elf zombie!
The mummy hits you!
You die...

######################
#........Z∩∩.........#
#......M♣............#
#...##############...#
#...# ZZ#...# #...#
#...# .#...# #...#
#..Z####'.... #...#
#...#.....∩.# #Z..#
#...#...ZM..# #...#
#...#.....Z.# #...#
#...#......Z####.#...#


You could see a mummy and a hobgoblin zombie.

Vanquished Creatures
  A phantom (D:4)
  2 elf zombies (Ossuary)
  2 human zombies (Ossuary)
  An orc priest (D:3)
  Ijyb (D:3)
  Robin (D:3)
  3 adders
  3 gnolls (D:3)
  An adder zombie (Ossuary)
  A worm zombie (D:4)
  6 orcs (D:3)
  3 endoplasms
  4 giant cockroaches
  8 goblins
  6 hobgoblins (D:3)
  A kobold (D:3)
  3 quokkas
  4 ball pythons
  8 bats
  9 hobgoblin zombies (Ossuary)
  2 jackal zombies
  7 kobold zombies (Ossuary)
  11 orc zombies (Ossuary)
  4 rats
  A rat zombie (Ossuary)
93 creatures vanquished.

Notes
Turn   | Place    | Note
-------+----------+-------------------------------------------
     0 | D:1      | Kaptain the Gargoyle Earth Elementalist began the quest for
                  | the Orb.
     0 | D:1      | Reached XP level 1. HP: 10/10 MP: 3/3
   132 | D:1      | Reached XP level 2. HP: 16/16 MP: 1/5
   132 | D:1      | Found a faded altar of an unknown god.
   911 | D:2      | Reached skill level 1 in Fighting
   911 | D:2      | Reached XP level 3. HP: 20/20 MP: 1/6
   966 | D:2      | Learned a level 3 spell: Stone Arrow
  1246 | D:2      | Reached skill level 1 in Conjurations
  1246 | D:2      | Reached skill level 4 in Earth Magic
  1713 | D:3      | Noticed Robin
  1730 | D:3      | Killed Robin
  1731 | D:3      | Reached XP level 4. HP: 7/25 MP: 1/7
  2011 | D:3      | Reached skill level 1 in Armour
  2906 | D:3      | Reached XP level 5. HP: 30/30 MP: 6/8
  3121 | D:3      | Found a sacrificial altar of Ru.
  3122 | D:3      | Noticed Ijyb
  3132 | D:3      | Killed Ijyb
  3626 | D:4      | Found a staircase to the Ecumenical Temple.
  3626 | D:4      | Noticed a phantom
  3629 | D:4      | Killed a phantom
  3630 | D:4      | Reached XP level 6. HP: 36/36 MP: 1/10
  3739 | D:4      | Found a broken altar of Ashenzari.
  3808 | D:4      | Found a sand-covered staircase.
  3834 | Ossuary  | Entered an ossuary
  4215 | Ossuary  | Reached skill level 5 in Earth Magic
  4238 | Ossuary  | Gained mutation: You are strong-willed. (Will+) [potion of
                  | mutation]
  4245 | Ossuary  | Slain by a mummy

Illustrated notes

Levels and vault maps discovered:
D:1:      amcnicky_arrival_abandoned_market, layout_basic,
          basic_ecumenical_altar
D:2:      layout_loops_ring
D:3:      layout_loops_corners, nicolae_ru_sacrificial_ziggurat, uniq_ijyb,
          uniq_robin
D:4:      layout_rooms, mainiacjoe_overflow_brackets,
          nicolae_hepliaklqana_hippocampus, amethyst_overflow_temple_binary,
          minmay_temple_entry_mini_moons, enter_ossuary_3, uniq_eustachio
Ossuary:  ossuary_tomb_1

Skill      XL: |  1  2  3  4  5  6 |
---------------+-------------------+-----
Fighting       | 1 2 |  2.7
Conjurations   | 1 2 |  2.8
Earth Magic    | 4 5 |  5.1
Armour         | 1 2 |  2.1
Dodging        | 2 |  2.3
Stealth        | 3 |  3.1
Spellcasting   | 3 |  3.2
Transmutations | |  0.7

Action                   |  1- 3 |  4- 6 || total
-------------------------+-------+-------++-------
Melee: Flail             |     7 |       ||     7
       Quarterstaff      |    25 |    99 ||   124
 Cast: Sandblast         |    32 |    88 ||   120
       Stone Arrow       |       |     3 ||     3
  Use: Potion            |     1 |     3 ||     4
       Scroll            |       |     2 ||     2
 Stab: Sleeping          |     1 |       ||     1
Armor: Leather armour    |    13 |    55 ||    68
       Skin              |       |    22 ||    22
Dodge: Dodged            |    36 |    72 ||   108
